Map: Ascension to Aiur LE

Players

LigerMaNN - Winner!

  • Race: Zerg Zerg
  • Spawn Location: 5:00

A.I. 1 (Elite)

  • Race: Terran Terran
  • Spawn Location: 11:00

VOD

Have the link to the VOD?

Description

Time

  • Played on: Oct. 29, 2017, 10 p.m.
  • Length: 18:51
Show
View Real Time Build Order
Export as new Build Order

LigerMaNN Zerg - Winner!

Build Orders: Hatch First 

Get SALT Encoding   

  12  0:02  Drone  
  13  0:14  Overlord  
  13  0:17  Drone  
  14  0:32  Drone  
  14  0:33  Drone  
  16  0:38  Drone  
  17  0:55  Hatchery  
  16  0:58  Drone  
  16  1:01  Drone  
  18  1:11  Extractor  
  17  1:19  Spawning Pool  
  17  1:21  Drone  
  17  1:23  Drone  
  18  1:29  Drone  
  19  1:40  Drone  
  20  1:51  Overlord  
  20  2:08  Queen x2  
  20  2:10  Zergling x2  
  20  2:14  Metabolic Boost  
  25  2:19  Drone x2  
  25  2:20  Drone  
  28  2:29  Drone  
  29  2:30  Drone  
  29  2:34  Overlord  
  30  2:46  Queen x2  
  34  2:54  Drone x3  
  37  3:01  Evolution Chamber  
  35  3:11  Overlord x2  
  35  3:13  Drone x2  
  37  3:22  Overlord x2  
  37  3:24  Drone  
  37  3:25  Drone  
  39  3:31  Zerg Ground Armor Level 1  
  39  3:47  Drone  
  39  3:48  Drone x5  
  45  3:52  Extractor  
  44  3:58  Queen  
  48  4:11  Pneumatized Carapace  
  48  4:16  Baneling Nest  
  45  4:22  Zergling x18  
  54  4:44  Zergling x10  
  59  4:54  Queen  
  61  5:03  Zergling x10  
  66  5:10  Hatchery  
  66  5:13  Overlord x3  
  65  5:16  Baneling  
  65  5:17  Baneling x9  
  63  5:41  Zergling x14  
  63  5:46  Zergling x2  
  59  6:07  Zergling x12  
  64  6:17  Baneling x4  
  64  6:18  Baneling x3  
  60  6:19  Baneling x6  
  60  6:23  Queen  
  60  6:24  Queen x2  
  58  6:40  Zergling x16  
  62  6:55  Zerg Melee Weapons Level 1  
  62  6:56  Zergling x18  
  63  7:11  Drone  
  63  7:12  Drone x3  
  67  7:18  Hatchery  
  65  7:23  Drone x8  
  73  7:32  Drone  
  74  7:53  Baneling x12  
  74  7:55  Lair  
  74  7:59  Drone  
  74  8:00  Drone x11  
  86  8:10  Extractor x2  
  86  8:12  Extractor  
  83  8:15  Extractor, Drone x3  
  85  8:31  Drone x2  
  85  8:33  Drone x2  
  90  8:34  Drone x3  
  83  9:08  Zergling x42  
  102  9:20  Overlord  
  102  9:21  Overlord x3  
  98  9:35  Hydralisk Den, Overlord x4  
  98  9:36  Overlord  
  94  9:40  Centrifical Hooks  
  94  9:41  Zerg Melee Weapons Level 2  
  94  9:45  Evolution Chamber  
  94  9:47  Zergling x8  
  94  9:48  Zergling x10  
  102  9:59  Hatchery, Baneling x11  
  101  10:05  Hydralisk, Muscular Augments  
  101  10:06  Hydralisk x8  
  119  10:11  Infestation Pit  
  96  10:29  Zergling x26  
  96  10:32  Hydralisk x3  
  103  10:50  Zergling x18  
  110  11:23  Zerg Ground Armor Level 2  
  110  11:26  Hydralisk, Hive  
  110  11:27  Hydralisk x11  
  110  11:30  Baneling x7  
  110  11:31  Baneling  
  134  11:59  Baneling x13  
  134  12:00  Zergling x2  
  134  12:01  Zergling x28  
  149  12:24  Hydralisk  
  149  12:25  Hydralisk x6  
  152  12:38  Baneling x13  
  152  12:39  Baneling  
  152  12:40  Baneling  
  152  12:48  Hydralisk  
  152  12:49  Hydralisk  
  153  13:11  Extractor  
  125  13:39  Hatchery  
  125  13:40  Overseer  
  124  13:49  Hatchery  
  123  14:01  Hydralisk x3  
  123  14:02  Hydralisk x7  
  143  14:11  Ultralisk Cavern  
  124  14:34  Zerg Ground Armor Level 3, Zerg Melee Weapons Level 3  
  116  14:55  Hydralisk  
  116  14:57  Zergling x20  
  115  15:27  Drone x8  
  123  15:36  Chitinous Plating  
  123  15:38  Ultralisk x2  
  123  15:41  Ultralisk  
  141  15:46  Adrenal Glands  
  128  16:15  Hatchery  
  128  16:16  Hydralisk x9  
  126  16:24  Drone x2  
  126  16:25  Drone x3  
  131  16:28  Drone x2  
  131  16:30  Drone  
  134  16:38  Ultralisk  
  140  16:41  Ultralisk  
  146  16:59  Zergling x2  
  147  17:02  Overlord x2  
  147  17:03  Overlord x2  
  147  17:19  Extractor  
  146  17:28  Ultralisk x5  
  176  17:35  Zergling x18  
  185  17:58  Overlord x4  
  185  18:12  Zergling x2  
  186  18:14  Overlord x4  
Show
View Real Time Build Order
Export as new Build Order

A.I. 1 (Elite) Terran 

Build Orders: MMM Bio 

Get SALT Encoding   

  12  0:00  SCV  
  13  0:13  SCV  
  14  0:19  Supply Depot  
  14  0:25  SCV  
  15  0:40  SCV  
  15  0:42  Barracks  
  16  0:52  SCV  
  17  1:04  SCV  
  17  1:11  Refinery  
  18  1:13  Supply Depot  
  18  1:16  SCV  
  19  1:28  SCV  
  19  1:30  Marine  
  21  1:43  Command Center  
  21  2:04  Barracks  
  21  2:07  SCV  
  22  2:10  Marine  
  22  2:15  Factory  
  23  2:19  SCV  
  24  2:23  Supply Depot  
  24  2:28  Marine  
  25  2:31  SCV  
  26  2:43  SCV  
  27  2:46  Marine  
  28  2:55  SCV  
  28  2:56  Orbital Command  
  29  2:59  Refinery  
  29  3:01  Factory Tech Lab  
  29  3:09  Orbital Command  
  29  3:12  Marine  
  30  3:14  Marine  
  31  3:22  SCV  
  32  3:30  Marine  
  32  3:32  Marine  
  32  3:34  SCV x2  
  36  3:45  Barracks  
  36  3:46  SCV x2  
  36  3:48  Marine  
  39  3:50  Barracks Tech Lab  
  39  3:58  SCV x2  
  39  3:59  Starport  
  41  4:06  Barracks Tech Lab  
  41  4:08  Marine  
  42  4:10  SCV x2  
  42  4:11  Stimpack  
  44  4:20  Supply Depot  
  44  4:23  SCV x2  
  44  4:24  Combat Shields, Marine  
  46  4:26  Marine  
  48  4:31  Marine  
  48  4:35  SCV, Medivac  
  52  4:39  SCV  
  52  4:41  Marine  
  52  4:44  Marine  
  55  4:46  Supply Depot  
  55  4:47  Supply Depot, SCV  
  55  4:49  Marine  
  57  4:55  SCV  
  57  4:59  SCV  
  61  5:00  Marauder  
  61  5:07  SCV, Refinery, Marine  
  61  5:08  Marauder  
  61  5:11  SCV  
  66  5:15  Refinery  
  66  5:19  SCV  
  66  5:21  Marauder, Engineering Bay, Hellion  
  71  5:27  Supply Depot  
  71  5:29  Marauder  
  71  5:30  SCV  
  74  5:42  Hellion  
  71  5:43  SCV  
  71  5:44  SCV  
  71  5:47  Command Center  
  71  5:49  Terran Infantry Weapons Level 1  
  72  5:50  Marauder  
  72  5:52  Marauder  
  72  5:55  SCV  
  77  5:58  SCV  
  77  6:03  Hellion  
  66  6:07  SCV  
  66  6:11  SCV  
  55  6:27  Marine  
  55  6:30  Marine  
  57  6:33  Marine  
  57  6:39  SCV  
  59  6:42  SCV  
  59  6:44  Marine  
  61  6:48  Marine  
  61  6:51  SCV, Marine  
  55  6:54  SCV  
  55  7:01  SCV  
  55  7:05  SCV  
  55  7:08  SCV  
  56  7:14  Marine  
  57  7:17  SCV  
  57  7:18  SCV  
  57  7:20  SCV  
  60  7:29  SCV  
  61  7:33  SCV x2  
  63  7:41  SCV, Marauder  
  66  7:45  SCV  
  66  7:47  SCV  
  68  7:54  SCV  
  68  7:57  SCV  
  70  7:59  SCV  
  70  8:03  Marauder  
  73  8:06  SCV  
  73  8:09  SCV  
  73  8:11  SCV  
  76  8:15  Hellion  
  76  8:18  SCV  
  79  8:21  SCV  
  79  8:23  SCV  
  81  8:30  SCV  
  81  8:32  Supply Depot  
  81  8:33  SCV  
  83  8:35  SCV  
  83  8:36  Hellion  
  83  8:39  Concussive Shells  
  86  8:42  SCV  
  86  8:45  SCV  
  86  8:48  SCV  
  83  8:54  SCV  
  82  8:59  SCV  
  82  9:02  SCV  
  78  9:06  SCV  
  78  9:11  SCV  
  78  9:14  SCV  
  80  9:18  SCV  
  80  9:23  SCV  
  81  9:26  SCV  
  81  9:30  SCV  
  79  9:35  SCV, Marauder  
  80  9:38  SCV  
  80  9:42  SCV  
  82  9:47  SCV  
  82  9:50  SCV  
  84  9:55  SCV  
  84  9:59  SCV  
  86  10:00  Terran Infantry Armor Level 1, Hellion  
  86  10:01  Barracks Reactor, Engineering Bay, Marine  
  86  10:03  SCV  
  86  10:06  Marine  
  86  10:07  SCV  
  92  10:08  Supply Depot  
  92  10:11  SCV  
  93  10:18  Command Center  
  93  10:20  SCV  
  93  10:21  SCV  
  95  10:22  Marine  
  95  10:23  SCV  
  95  10:25  Marine  
  88  10:32  SCV  
  88  10:33  SCV  
  88  10:35  SCV, Medivac  
  88  10:37  Marine  
  88  10:40  Missile Turret, Marine  
  88  10:41  Marine  
  88  10:44  Missile Turret, Marauder  
  88  10:45  SCV x2  
  88  10:48  SCV  
  92  10:55  Marine  
  82  10:57  SCV, Hellion  
  82  10:58  SCV  
  82  10:59  Marauder, Marine  
  82  11:00  SCV  
  87  11:05  Marauder  
  87  11:09  SCV  
  90  11:13  Supply Depot, Marine  
  90  11:16  Orbital Command  
  90  11:17  Marine  
  94  11:18  Hellion  
  94  11:20  Marauder  
  96  11:25  Missile Turret  
  96  11:26  Marine  
  96  11:28  Missile Turret  
  96  11:31  SCV, Marine  
  99  11:33  SCV x2  
  99  11:34  Barracks, Marine  
  104  11:40  Hellion  
  104  11:41  Marine  
  104  11:43  Missile Turret  
  104  11:44  Marine  
  106  11:47  Medivac  
  106  11:48  Marine  
  106  11:52  Marine  
  106  11:53  Missile Turret, Planetary Fortress  
  110  11:55  Supply Depot  
  110  11:58  Armory  
  110  11:59  Marine  
  113  12:01  Hellion  
  113  12:02  Marauder  
  113  12:06  Marine  
  116  12:17  Marauder  
  116  12:19  Supply Depot, Starport Tech Lab  
  116  12:21  Widow Mine, Missile Turret  
  120  12:24  Marauder  
  122  12:38  Medivac, Marauder  
  122  12:40  SCV  
  122  12:41  SCV  
  122  12:42  SCV  
  126  12:45  SCV, Marauder  
  126  12:47  Supply Depot  
  126  12:50  Widow Mine  
  126  12:51  Terran Infantry Armor Level 2  
  128  12:52  SCV  
  128  12:54  SCV  
  128  12:55  Missile Turret  
  128  12:56  Terran Infantry Weapons Level 2  
  130  13:00  Marauder  
  130  13:02  Factory  
  132  13:06  Command Center, Marauder  
  132  13:08  Viking  
  136  13:12  Supply Depot  
  136  13:15  Missile Turret  
  136  13:19  Marine, Hellion  
  138  13:20  Marine x2  
  138  13:21  Marauder  
  112  13:27  Marine  
  102  13:37  Starport, Marine x2  
  102  13:38  Medivac, Marine  
  102  13:41  Hellion  
  109  13:42  Marine  
  109  13:45  Marine  
  109  13:46  Hellion  
  113  13:50  Liberator  
  113  13:52  Armory  
  113  13:55  Marine x2  
  113  13:56  Marine  
  113  14:00  Marauder  
  113  14:02  Siege Tank  
  121  14:03  Marine  
  121  14:08  SCV  
  121  14:09  Supply Depot  
  125  14:10  Factory Tech Lab  
  125  14:13  Starport Reactor, Marine x2  
  125  14:14  Marine  
  125  14:15  Refinery  
  125  14:16  Refinery  
  128  14:18  Planetary Fortress  
  128  14:21  Marine x2  
  128  14:22  Missile Turret  
  127  14:27  Missile Turret  
  127  14:28  Siege Tank  
  127  14:29  SCV  
  127  14:30  SCV  
  127  14:31  Marine x3  
  101  14:32  SCV, Liberator  
  101  14:33  SCV  
  101  14:34  Siege Tank  
  97  14:39  Marauder, Marine  
  97  14:41  SCV  
  97  14:42  SCV  
  100  14:48  Missile Turret  
  100  14:49  Viking, Marine x3  
  100  14:50  Medivac  
  103  14:57  Marauder  
  103  14:58  SCV  
  103  14:59  SCV  
  99  15:00  SCV, Cyclone, Marauder  
  99  15:06  SCV, Siege Tank, Marine  
  99  15:07  Hi-Sec Auto Tracking, Marine x2  
  102  15:10  SCV, Command Center  
  102  15:12  SCV  
  102  15:14  SCV, Terran Infantry Weapons Level 3  
  105  15:18  Marine  
  107  15:21  Marine  
  107  15:22  SCV  
  107  15:24  Marine x2  
  104  15:33  Siege Tank  
  93  15:36  Marauder  
  93  15:38  Widow Mine, Marine  
  93  15:40  Marine  
  95  15:46  SCV  
  95  15:47  SCV x2, Marine x2  
  98  15:58  SCV, Marauder, Marine  
  98  15:59  SCV  
  98  16:01  Marine  
  105  16:05  Marine x2  
  105  16:10  SCV  
  98  16:16  Marine  
  93  16:19  Marine x2  
  93  16:24  Command Center  
  95  16:34  Marauder  
  97  16:43  SCV  
  97  16:44  SCV  
  97  16:46  SCV  
  99  16:47  Marauder, Siege Tank x2  
  107  16:55  SCV  
  107  17:00  SCV  
  109  17:02  SCV  
  109  17:07  SCV  
  111  17:09  Command Center  
  111  17:12  SCV  
  111  17:13  Marauder  
  111  17:15  SCV  
  115  17:19  SCV  
  116  17:24  SCV  
  116  17:26  Marauder  
  118  17:30  SCV  
  114  18:04  Command Center  
Tags
 
Composition
MMM Bio
Matchup
TvZ
Spawn Locations
Cross Positions
Add a new tag
Caveats
  • Supply blocks, unpowered buildings, or Contaminate may cause inaccurate times.
  • Supply counts are checked every 10 seconds.